 Dungeon Crawl Stone Soup version 0.30.1-4-g462c640d31 (webtiles) character file.

Game seed: 8285858882513740329

1710 Legion the Cudgeller (level 9, 0/57 HPs)
             Began as a Gargoyle Fighter on Aug 16, 2023.
             Killed from afar by Dowan (13 damage)
             ... with a shard of ice
             ... on level 7 of the Dungeon.
             The game lasted 00:47:39 (5470 turns).

Legion the Cudgeller (Gargoyle Fighter)             Turns: 5470, Time: 00:47:40

Health: 0/57       AC: 16    Str: 24    XL:     9   Next: 3%
Magic:  9/9        EV:  8    Int: 15    God:
Gold:   337        SH:  8    Dex:  9    Spells: 8/8 levels left

rFire   . . .        a - +0 flail
rCold   . . .        B - +0 kite shield
rNeg    + + .        b - +0 scale mail
rPois   ∞            e - +0 helmet
rElec   +            E - +0 cloak
rCorr   .            (no gloves)
SInv    .            (no boots)
Will    .....        (no amulet) Stlth
                     w - +6 ring of intelligence
HPRegen 0.29/turn    C - ring of positive energy
MPRegen 0.11/turn

%: no passive effects
@: mighty
A: sickness immunity, AC +6, negative energy resistance 1, electricity
resistance, torment resistance 1, petrification resistance
a: no special abilities


You were on level 7 of the Dungeon.
You visited 2 branches of the dungeon, and saw 8 of its levels.

You collected 337 gold pieces.

Inventory:

Hand Weapons
 a - a +0 flail (weapon)
Missiles
 q - 2 curare-tipped darts (quivered)
 y - a throwing net
Armour
 b - a +0 scale mail (worn)
 e - a +0 helmet (worn)
 s - a +0 chain mail
 B - a +0 kite shield (worn)
 E - a +0 cloak (worn)
Jewellery
 w - a +6 ring of intelligence (left hand)
 C - a ring of positive energy (right hand)
Wands
 c - a wand of mindburst (15)
 v - a wand of flame (23)
 A - a wand of polymorph (11)
 D - a wand of quicksilver (5)
Scrolls
 g - 2 scrolls of brand weapon {unknown}
 h - 4 scrolls of teleportation
 k - 3 scrolls of immolation {unknown}
 n - 4 scrolls of enchant weapon {unknown}
 u - 6 scrolls of identify {unknown}
 x - a scroll of amnesia {unknown}
Potions
 d - 5 potions of attraction {unknown}
 f - 7 potions of lignification {unknown}
 i - a potion of curing
 j - 2 potions of magic {unknown}
 l - a potion of brilliance {unknown}
 p - a potion of degeneration {unknown}
 r - a potion of berserk rage {unknown}
 t - a potion of heal wounds {unknown}
 z - a potion of mutation {unknown}


   Skills:
 * Level 7.3 Fighting
 + Level 7.9 Maces & Flails
 + Level 6.8 Armour
 - Level 3.5 Shields


You had 8 spell levels left.
You didn't know any spells.
Your spell library contained the following spells:

 Spells                   Type           Power      Damage    Failure   Level
 Freeze                   Ice            0%         1d3       78%         1
 Kiss of Death            Conj/Necr      0%         2d5       78%         1
 Shock                    Conj/Air       0%         1d3       78%         1
 Confusing Touch          Hex            0%         N/A       98%         3
 Frozen Ramparts          Ice            0%         1d1       98%         3
 Hailstorm                Conj/Ice       0%         3d3       98%         3
 Swiftness                Air            0%         N/A       98%         3
 Airstrike                Air            0%         2d(0-16)  100%        4
 Dispel Undead            Necr           0%         3d6       100%        4


Dungeon Overview and Level Annotations

Branches:
Dungeon (7/15)             Temple (1/1) D:4

Altars:
Ashenzari
Cheibriados
Dithmenos
Elyvilon
Gozag
Hepliaklqana
Kikubaaqudgha
Nemelex Xobeh
Qazlal
Ru
Sif Muna
Vehumet
Wu Jian
Xom
Yredelemnul
Zin
The Shining One

Annotations:
D:7 Dowan


Innate Abilities, Weirdness & Mutations

You are immune to sickness and miasma.
Your stone body is resilient. (AC +6)
You are immune to poison.
You resist negative energy. (rN+)
You are resistant to electric shocks. (rElec)
You are resistant to unholy torment.
You are immune to petrification.


Message History

You feel better. Dowan hits you but does no damage.
Dowan mumbles some strange words.
Dowan blinks!
You hit Dowan but do no damage.
Dowan is moderately wounded.
Dowan hits you but does no damage.
You closely miss Dowan.
Dowan is moderately wounded.
Dowan hits you but does no damage. You block Dowan's attack.
You barely miss Dowan.
Dowan is moderately wounded.
Dowan points at you and mumbles some strange words.
The shard of ice hits you.
* * * LOW HITPOINT WARNING * * *
Dowan hits you but does no damage.
You hit Dowan.
Dowan is moderately wounded.
Dowan casts a spell.
Dowan blinks!
You feel very mighty all of a sudden.
Dowan hits you with a +0 dagger of draining.
* * * LOW HITPOINT WARNING * * *
You sock Dowan!
Dowan is severely wounded.
Dowan gestures at you while chanting.
The shard of ice hits you but does no damage.
Dowan gestures wildly while chanting.
Dowan blinks!
You closely miss Dowan.
Dowan is severely wounded.
You block Dowan's attack.
Dowan shakes with grief.
Dowan mumbles some strange words.
Dowan blinks!
You block Dowan's attack.
You closely miss Dowan.
Dowan is severely wounded.
Dowan gestures at you while chanting. The shard of ice hits you!
You die...

# ## #. . # #.
.##..
#.######....
#.###...........
#......§...####
#......@......#
#......e....#.#
#......)...<#
#########+###


You could see Dowan (fast).

Vanquished Creatures
  Duvessa (D:7)
  A sky beast (D:6)
  An ice beast (D:6)
  A centaur (D:6)
  2 phantoms (D:4)
  Blork the orc (D:4)
  A bullfrog (D:6)
  A gnoll sergeant (D:5)
  5 scorpions
  A water moccasin skeleton (D:4)
  2 centaur zombies (D:4)
  3 hounds
  An iguana (D:6)
  A scorpion zombie (D:4)
  5 sleepcaps
  3 hound zombies (D:4)
  A hound skeleton (D:4)
  Robin (D:4)
  11 adders
  6 gnolls (D:5)
  A white imp (D:3)
  An adder skeleton (D:4)
  4 worms
  2 dart slugs
  7 orcs
  7 endoplasms
  11 goblins
  6 hobgoblins
  4 jackals (D:1)
  9 kobolds
  A quokka (D:3)
  4 ball pythons
  4 bats
  3 frilled lizards
  4 rats
117 creatures vanquished.

Notes
Turn   | Place    | Note
-------+----------+-------------------------------------------
     0 | D:1      | Legion the Gargoyle Fighter began the quest for the Orb.
     0 | D:1      | Reached XP level 1. HP: 14/14 MP: 1/1
    99 | D:1      | Reached XP level 2. HP: 19/19 MP: 2/2
   524 | D:2      | Reached XP level 3. HP: 22/24 MP: 3/3
   674 | D:2      | Reached XP level 4. HP: 29/29 MP: 4/4
  1387 | D:3      | Found a faded altar of an unknown god.
  1497 | D:3      | Reached XP level 5. HP: 34/34 MP: 5/5
  2498 | D:4      | Reached XP level 6. HP: 32/40 MP: 6/6
  2731 | D:4      | Noticed Blork the orc
  2740 | D:4      | Killed Blork the orc
  2741 | D:4      | Reached skill level 5 in Fighting
  2813 | D:4      | Reached skill level 5 in Maces & Flails
  2871 | D:4      | Reached XP level 7. HP: 44/44 MP: 7/7
  2985 | D:4      | Reached skill level 5 in Armour
  2998 | D:4      | Found a staircase to the Ecumenical Temple.
  3005 | Temple   | Entered the Ecumenical Temple
  3236 | D:4      | Noticed Robin
  3244 | D:4      | Killed Robin
  3581 | D:5      | Entered Level 5 of the Dungeon
  3729 | D:5      | Reached XP level 8. HP: 49/51 MP: 8/8
  4833 | D:6      | Identified the +5 short sword "Marith" {heavy, rPois Int+3}
  5430 | D:7      | Noticed Dowan
  5432 | D:7      | Noticed Duvessa
  5454 | D:7      | Killed Duvessa
  5454 | D:7      | HP: 1/53 [Dowan/shard of ice (9)]
  5455 | D:7      | Reached XP level 9. HP: 1/57 MP: 9/9
  5470 | D:7      | Killed from afar by Dowan

Illustrated notes

Levels and vault maps discovered:
D:1:      dpeg_arrival_stonehenge_8_columns, layout_basic
D:2:      layout_loops_ring, minmay_misc_feat_enclosed, minmay_close_crescents
D:3:      layout_loops_corners, hellmonk_ecumenical_altar_lost_god,
          roderic_roman_lattice
D:4:      layout_basic, minmay_temple_entry_statues_pillars, serial_undead,
          serial_undead_e, serial_undead_a, serial_undead_e, serial_undead_d,
          serial_undead_d, uniq_blork_the_orc, uniq_robin
D:5:      layout_cave_pods
D:6:      layout_basic, hellmonk_no_cap
D:7:      layout_basic, serial_shops, nicolae_shop_tiny_waterfront, st_stairs_7,
          chequers_serial_rivers_micro_d, hex_tiny, grunt_ministairs_15,
          doesnt_shop_hydraphobe, uniq_crazy_yiuf_cottage, uniq_joseph,
          uniq_menkaure, uniq_duvessa
Temple:   nicolae_temple_bog_church

Skill      XL: |  1  2  3  4  5  6  7  8 |
---------------+-------------------------+-----
Fighting       | 4 5 6 7 |  7.3
Maces & Flails | 3 4 5 6 7 |  7.9
Armour         | 4 5 6 |  6.8
Shields        | |  3.5

Action                     |  1- 3 |  4- 6 |  7- 9 || total
---------------------------+-------+-------+-------++-------
  Melee: Flail             |    91 |   186 |   312 ||   589
  Evoke: Wand              |       |     3 |     2 ||     5
    Use: Potion            |     1 |     1 |     3 ||     5
         Scroll            |       |     1 |       ||     1
 Armour: Scale mail        |    45 |   125 |   183 ||   353
  Dodge: Dodged            |    46 |    88 |   115 ||   249
  Block: Buckler           |    23 |    33 |    47 ||   103
         Kite shield       |       |       |    51 ||    51
